 Dungeon Crawl Stone Soup version 0.28.0 (webtiles) character file.

Game seed: 4535082109864163644

10 croobank the Grasshopper (level 2, 0/22 HPs)
             Began as a Human Warper on Feb 10, 2022.
             Slain by a quokka (2 damage)
             ... on level 1 of the Dungeon.
             The game lasted 00:02:11 (705 turns).

croobank the Grasshopper (Human Warper)              Turns: 705, Time: 00:02:12

Health: 0/22       AC:  3    Str: 11    XL:     2   Next: 30%
Magic:  5/5        EV: 11    Int: 13    God:
Gold:   14         SH:  0    Dex: 12    Spells: 3/5 levels left

rFire   . . .      SeeInvis .   a - +0 hand axe
rCold   . . .      Faith    .   (no shield)
rNeg    . . .      Spirit   .   c - +0 leather armour
rPois   .          Reflect  .   (no helmet)
rElec   .          Harm     .   (no cloak)
rCorr   .          Rampage  .   (no gloves)
Will    .....                   (no boots)
Stlth   +.........              (no amulet)
HPRegen 0.07/turn               (no ring)
MPRegen 0.09/turn               (no ring)

@: no status effects
A: no striking features
a: no special abilities


You were on level 1 of the Dungeon.
You visited 1 branch of the dungeon, and saw 1 of its levels.

You collected 14 gold pieces.

Inventory:

Hand Weapons
 a - a +0 hand axe (weapon)
 b - a +0 hunting sling
Missiles
 d - 3 boomerangs of dispersal (quivered)
Armour
 c - a +0 leather armour (worn)


   Skills:
 + Level 2.1 Fighting
 + Level 2.0 Axes
 + Level 1.1 Throwing
 + Level 1.2 Armour
 + Level 2.1 Dodging
 + Level 2.1 Spellcasting
 + Level 3.0 Translocations


You had 3 spell levels left.
You knew the following spells:

 Your Spells              Type           Power      Damage    Failure   Level
a - Blink                 Tloc           18%        N/A       14%         2

Your spell library contained the following spells:

 Spells                   Type           Power      Damage    Failure   Level
 Gell's Gravitas          Tloc           9%         N/A       28%         3
 Lesser Beckoning         Tloc           9%         N/A       28%         3
 Teleport Other           Tloc           9%         N/A       28%         3
 Static Discharge         Conj/Air       1%         N/A       45%         2
 Manifold Assault         Tloc           9%         N/A       95%         5
 Lightning Bolt           Conj/Air       0%         1d11      100%        5
 Maxwell's Capacitive Co  Air            0%         ∞         100%        8


Dungeon Overview and Level Annotations

Branches:
Dungeon (1/15)

Altars:


Message History

* * * LOW HITPOINT WARNING * * *
A goblin comes into view. It is wielding a +0 club.
The goblin shouts!
You aren't carrying any potions.
You aren't carrying any scrolls.
You open the door.
Found 13 bolts.
There is an open door here.
You barely miss the goblin.
The goblin is heavily wounded.
The goblin barely misses you.
You closely miss the goblin.
The goblin is moderately wounded.
The goblin closely misses you.
You closely miss the goblin.
The goblin is moderately wounded.
The goblin hits you with a +0 club.
* * * LOW HITPOINT WARNING * * *
A quokka comes into view.
A quokka comes into view.
The quokka twitches its whiskers.
The ball python bites you but does no damage.
The ball python grabs you. The ball python constricts you.
You aren't carrying any scrolls.
You aren't carrying any potions.
You escape the ball python's grasp.
The ball python bites you but does no damage.
The ball python grabs you. The ball python constricts you.
* * * LOW HITPOINT WARNING * * *
Throw: 4 boomerangs (disperse)
Press: ? - help, Q - select action, (/) - cycle Shift-Dir - straight line, f - ball python
Aim: a ball python (constricting you, 53% to hit)
You throw a boomerang of dispersal.
The boomerang of dispersal closely misses the ball python.
The ball python barely misses you. The ball python constricts you.
The goblin barely misses you.
You escape the ball python's grasp.
The quokka barely misses you. The quokka closely misses you.
The quokka barely misses you. The quokka bites you.
You die...

............S...# #..#
.....##.#+#..########..#
.######.# #....†.......## #
#.# ############..# #.#
.........# # #.#
##########'###.# #.. .#
#.......# ###
#.#######.......#
##...@r.g........... ##
########.....rSg(......####
.####......'#.........###+##
..##........#....)....#
..##...##...#.#.........
..##..# ##..#.#.........#
..##..####..#.#.........#
..##...##...#.#.........#
.....r......#.# ...


You could see 2 quokkas, 2 goblins and a ball python.

Vanquished Creatures
  2 endoplasms (D:1)
  A goblin (D:1)
  2 quokkas (D:1)
  A ball python (D:1)
  A frilled lizard (D:1)
  3 rats (D:1)
10 creatures vanquished.

Notes
Turn   | Place    | Note
-------+----------+-------------------------------------------
     0 | D:1      | croobank the Human Warper began the quest for the Orb.
     0 | D:1      | Reached XP level 1. HP: 16/16 MP: 3/3
   598 | D:1      | Reached XP level 2. HP: 18/22 MP: 5/5
   601 | D:1      | Learned a level 2 spell: Blink
   705 | D:1      | Slain by a quokka

Illustrated notes

Levels and vault maps discovered:
D:1:      minmay_arrival_four_loops, layout_basic,
          hellmonk_ecumenical_altar_heavens_door

Action                   || total
-------------------------++-------
Melee: Hand axe          ||    39
Throw: Boomerang         ||     2
  Use: Scroll            ||     1
Armor: Leather armour    ||    11
Dodge: Dodged            ||    29
